[Event "TUR-chT Superleague 2018"]
[Site "Ankara"]
[Date "2018.07.30"]
[Round "7"]
[White "Ozkan, Ervin"]
[Black "Ertan, Can"]
[Result "0-1"]
[ECO "A45"]
[WhiteElo "2171"]
[BlackElo "2379"]
[Annotator "NA"]
[PlyCount "88"]
[EventDate "2018.07.25"]
[EventType "team-tourn"]
[EventCountry "TUR"]
[SourceTitle "playchess.com"]
[Source "ChessBase"]
[SourceQuality "1"]
[TimeControl "40/5400+30:1800+30"]

1. d4 Nf6 2. Bf4 c5 3. e3 Nd5 4. Bg3 Qb6 5. Nc3 Nxc3 6. bxc3 d5 7. Bxb8 Rxb8 8. Rb1 Qa5 9. Bb5+ Kd8 10. dxc5 Qxc3+ 11. Kf1 e6 12. Ne2 Qxc5 13. g3 Bd6 14. Kg2 Ke7 15. Nf4 h5 16. h4 g6 17. Be2 Bd7 18. Bf3 Rhc8 19. Rb2 a5 20. Re1 a4 21. Nd3 Qc3 22. e4 dxe4 23. Bxe4 Bc6 24. Qf3 a3 25. Rb6 Qd4 26. Rbb1 Bxe4 27. Rxe4 Qd5 28. Rd1 Qxa2 29. Rd4 Rd8 30. Nb4 Qb2 31. Qd3 Bc7 32. Qc4 Bb6 33. R4d3 Rxd3 34. Rxd3 Rd8 35. Rxd8 Kxd8 36. Qf4 Ke7 37. Qe4 Kf8 38. Nd3 Qxc2 39. Qb4+ Kg7 40. Qxa3 Bd4 41. Kh3 e5 42. g4 Qe2 43. gxh5 Qf3+ 44. Kh2 Bxf2 0-1

[Event "TUR-chT Superleague 2018"]
[Site "Ankara"]
[Date "2018.07.30"]
[Round "7"]
[White "Oksuz, Akin"]
[Black "Karagollu, Ahmet"]
[Result "1/2-1/2"]
[ECO "E83"]
[WhiteElo "2167"]
[BlackElo "2127"]
[Annotator "NA"]
[PlyCount "127"]
[EventDate "2018.07.25"]
[EventType "team-tourn"]
[EventCountry "TUR"]
[SourceTitle "playchess.com"]
[Source "ChessBase"]
[SourceQuality "1"]
[TimeControl "40/5400+30:1800+30"]

1. d4 Nf6 2. c4 g6 3. Nc3 Bg7 4. e4 d6 5. f3 O-O 6. Be3 Nc6 7. Nge2 a6 8. Qd2 Na5 9. Nc1 Nd7 10. b4 Nc6 11. d5 Nxb4 12. Rb1 a5 13. Nb5 b6 14. Be2 e5 15. O-O Na6 16. Bd1 Nac5 17. Bc2 Nf6 18. Ne2 Ne8 19. Bg5 f6 20. Bh4 Qe7 21. g4 Rf7 22. Bf2 Qf8 23. Be3 f5 24. exf5 gxf5 25. h3 Bd7 26. Ng3 f4 27. Bxc5 Bxb5 28. cxb5 dxc5 29. Ne4 Bf6 30. Rfe1 Bh4 31. Re2 Nd6 32. Nxd6 cxd6 33. Bf5 Kh8 34. Qd3 Qh6 35. Be6 Rf6 36. Kg2 Ra7 37. Rh1 Rg7 38. Kf1 Qg5 39. a4 Rc7 40. Qc4 Rh6 41. Qe4 Rf6 42. Rc2 Qh6 43. Bf5 Qf8 44. Ke2 Qf7 45. Kd3 Qg8 46. Kc4 Qg5 47. Re2 Rg7 48. Be6 Rgg6 49. Bf5 Rh6 50. Qb1 Bg3 51. Rd2 Rh4 52. Qf1 h5 53. Re2 Rh6 54. Qb1 hxg4 55. Bxg4 Kg7 56. Qf5 Qxf5 57. Bxf5 Kf6 58. Bg4 Kg5 59. Rf1 Rh7 60. Kd3 Rc7 61. Rc1 Rhh7 62. Ke4 Rhf7 63. Be6 Rf6 64. Bg4 1/2-1/2

[Event "TUR-chT Superleague 2018"]
[Site "Ankara"]
[Date "2018.07.30"]
[Round "7"]
[White "Ererdem, Gani Eren"]
[Black "Korkmaz, Necmettin"]
[Result "1-0"]
[ECO "D46"]
[WhiteElo "2157"]
[BlackElo "2056"]
[Annotator "NA"]
[PlyCount "73"]
[EventDate "2018.07.25"]
[EventType "team-tourn"]
[EventCountry "TUR"]
[SourceTitle "playchess.com"]
[Source "ChessBase"]
[SourceQuality "1"]
[TimeControl "40/5400+30:1800+30"]

1. d4 d5 2. c4 c6 3. Nf3 Nf6 4. Nc3 e6 5. e3 Nbd7 6. Bd3 Bd6 7. O-O O-O 8. e4 dxc4 9. Bxc4 e5 10. Be3 Qe7 11. Bb3 exd4 12. Bxd4 Ne5 13. Nxe5 Bxe5 14. Bxe5 Qxe5 15. f4 Qc5+ 16. Kh1 Bg4 17. Qe1 Rfe8 18. Qg3 Be6 19. e5 Nd7 20. Rad1 Rad8 21. Ne4 Qe7 22. Nd6 Bxb3 23. Nxe8 Rxe8 24. Qxb3 Nc5 25. Qa3 b6 26. Qf3 f6 27. Qxc6 fxe5 28. b4 Ne6 29. fxe5 Nf8 30. Qd5+ Ne6 31. h3 g6 32. a3 Kg7 33. Qc6 Nd8 34. Qf6+ Qxf6 35. exf6+ Kf8 36. Rd7 Ne6 37. Rxh7 1-0

[Event "TUR-chT Superleague 2018"]
[Site "Ankara"]
[Date "2018.07.30"]
[Round "7"]
[White "Tarlabasi, Emirhan"]
[Black "Bozbey, Ali"]
[Result "1/2-1/2"]
[ECO "A21"]
[WhiteElo "2117"]
[BlackElo "2126"]
[Annotator "NA"]
[PlyCount "209"]
[EventDate "2018.07.25"]
[EventType "team-tourn"]
[EventCountry "TUR"]
[SourceTitle "playchess.com"]
[Source "ChessBase"]
[SourceQuality "1"]
[TimeControl "40/5400+30:1800+30"]

1. d4 d6 2. c4 e5 3. Nc3 exd4 4. Qxd4 Nc6 5. Qd2 Nf6 6. b3 a5 7. g3 a4 8. bxa4 Be6 9. Bg2 Bxc4 10. Nh3 d5 11. O-O Bb4 12. Qb2 O-O 13. Bd2 Qe7 14. a3 Ba5 15. Rfe1 Nd4 16. e4 dxe4 17. Nxe4 Bxd2 18. Nxd2 Ne2+ 19. Kh1 Ba6 20. Nf3 Rfe8 21. Nfg1 Qe5 22. Qxe5 Rxe5 23. Nxe2 Rxe2 24. Rxe2 Bxe2 25. Bxb7 Rxa4 26. Nf4 Bb5 27. Kg2 Kf8 28. Rc1 Ra7 29. Bf3 Rxa3 30. Rxc7 Bf1+ 31. Kxf1 Rxf3 32. Kg2 Ra3 33. h3 g5 34. Ne2 Rd3 35. Ng1 Rd5 36. Nf3 h6 37. Nh2 Kg7 38. Nf1 Rd7 39. Rc4 Nd5 40. Nh2 f6 41. Rc6 Ne7 42. Ra6 h5 43. Nf3 Nf5 44. Ra4 Kg6 45. Re4 Re7 46. Ra4 Re2 47. Kf1 Re6 48. h4 gxh4 49. Nxh4+ Nxh4 50. Rxh4 Rb6 51. Rf4 Kg5 52. Kg2 Rb2 53. Ra4 Rc2 54. Ra5+ Kg4 55. Ra6 Kg5 56. Ra5+ Kg4 57. Ra8 Rb2 58. Rg8+ Kf5 59. Re8 Kg4 60. Re4+ Kf5 61. Re3 Kg4 62. Re1 Ra2 63. Rh1 Rb2 64. Rh4+ Kg5 65. Re4 Kf5 66. Re3 Kg4 67. Rf3 Kg5 68. Rf4 Ra2 69. Rh4 Rc2 70. Kg1 Rc1+ 71. Kg2 Rc2 72. Kf1 Rc1+ 73. Ke2 Rc2+ 74. Ke1 Ra2 75. Rh2 Ra1+ 76. Ke2 Ra2+ 77. Kf1 Ra1+ 78. Kg2 Ra2 79. Kh3 Ra1 80. f3 Rf1 81. Kg2 Ra1 82. f4+ Kg6 83. Kh3 Rg1 84. Ra2 Rh1+ 85. Kg2 Rb1 86. Ra5 Rb2+ 87. Kh3 Rb1 88. Ra3 Rh1+ 89. Kg2 Rb1 90. Kf3 Rf1+ 91. Kg2 Rb1 92. Ra2 Rb3 93. Kh3 Rb1 94. Ra5 Rh1+ 95. Kg2 Rb1 96. Rc5 Rb2+ 97. Kh3 Rb1 98. Ra5 Rh1+ 99. Kg2 Rb1 100. Rc5 Rb2+ 101. Kf3 Rb3+ 102. Kf2 Rb2+ 103. Kf3 Rb3+ 104. Kf2 Rb2+ 105. Kf3 1/2-1/2

[Event "TUR-chT Superleague 2018"]
[Site "Ankara"]
[Date "2018.07.30"]
[Round "7"]
[White "Cansun, Can Alp"]
[Black "Gulbeyaz, Emir"]
[Result "1/2-1/2"]
[ECO "B06"]
[WhiteElo "1894"]
[BlackElo "2074"]
[Annotator "NA"]
[PlyCount "128"]
[EventDate "2018.07.25"]
[EventType "team-tourn"]
[EventCountry "TUR"]
[SourceTitle "playchess.com"]
[Source "ChessBase"]
[SourceQuality "1"]
[TimeControl "40/5400+30:1800+30"]

1. e4 g6 2. d4 Bg7 3. Nc3 a6 4. f4 d6 5. Nf3 b5 6. Bd3 Nd7 7. e5 e6 8. O-O Ne7 9. a4 b4 10. Ne4 d5 11. Neg5 h6 12. Nh3 c5 13. c3 Nc6 14. g4 cxd4 15. cxd4 Qb6 16. Be3 h5 17. gxh5 Rxh5 18. Nfg5 Nf8 19. Qg4 Rh8 20. Qg2 Ne7 21. a5 Qb7 22. Rfc1 Bd7 23. Qe2 Nh7 24. Nf2 Nf5 25. Bxf5 gxf5 26. Nf3 Nf8 27. Nd3 Bb5 28. Qd2 Ng6 29. Nxb4 Bh6 30. Ra3 Rg8 31. Kh1 Rb8 32. Rac3 Bc4 33. Nd3 Qb5 34. b3 Bxd3 35. Qxd3 Qxd3 36. Rxd3 Bxf4 37. Rdc3 Kf8 38. Bxf4 Nxf4 39. Rc8+ Kg7 40. Rg1+ Ng6 41. Rc7 Rgc8 42. Ra7 Ra8 43. Rb7 Rab8 44. Ra7 Ra8 45. Rb7 Rab8 46. Ra7 Ra8 47. Rd7 Rd8 48. Rc7 Rdc8 49. Rgc1 Rxc7 50. Rxc7 Rb8 51. Ng5 Rxb3 52. Nxe6+ Kg8 53. Rc8+ Kh7 54. Ng5+ Kg7 55. Rc7 Nh4 56. Kg1 Kg6 57. Nxf7 f4 58. e6 Rb1+ 59. Kf2 Rb2+ 60. Kf1 Rb1+ 61. Kf2 Rb2+ 62. Kf1 Rb1+ 63. Kf2 Rb2+ 64. Kf1 Kf5 1/2-1/2

[Event "TUR-chT Superleague 2018"]
[Site "Ankara"]
[Date "2018.07.30"]
[Round "7"]
[White "Yildirim, Ibrahim Halil"]
[Black "Can, Isik"]
[Result "0-1"]
[ECO "C24"]
[WhiteElo "1887"]
[BlackElo "2385"]
[Annotator "NA"]
[PlyCount "102"]
[EventDate "2018.07.25"]
[EventType "team-tourn"]
[EventCountry "TUR"]
[SourceTitle "playchess.com"]
[Source "ChessBase"]
[SourceQuality "1"]
[TimeControl "40/5400+30:1800+30"]

1. e4 e5 2. Bc4 Nf6 3. d3 c6 4. Nf3 d5 5. Bb3 a5 6. a3 a4 7. Ba2 Bd6 8. Nc3 dxe4 9. Ng5 O-O 10. Ncxe4 h6 11. Nxf6+ Qxf6 12. Ne4 Qg6 13. Nxd6 Qxd6 14. O-O Be6 15. Bxe6 Qxe6 16. f4 exf4 17. Bxf4 Nd7 18. Qd2 Rfe8 19. Rf3 Nf8 20. Raf1 Ng6 21. Qf2 Re7 22. Re3 Qd7 23. Rxe7 Qxe7 24. Bd2 f6 25. Re1 Qd7 26. Bc3 Re8 27. Rxe8+ Qxe8 28. Qe1 Qxe1+ 29. Bxe1 Kf7 30. Kf2 Ne5 31. h3 g5 32. Bc3 Ng6 33. g3 h5 34. Bd2 Ke6 35. Kf3 Ne5+ 36. Kf2 b5 37. Bc3 Ng6 38. Bd2 c5 39. Ke2 Ne5 40. Bc3 Nc6 41. Kf2 Kf5 42. b3 Nd4 43. b4 Nxc2 44. bxc5 Nxa3 45. c6 Ke6 46. Bxf6 b4 47. c7 Kd7 48. Ke2 Nb5 49. Kd2 b3 50. Kc1 a3 51. Kb1 g4 0-1

[Event "TUR-chT Superleague 2018"]
[Site "Ankara"]
[Date "2018.07.30"]
[Round "7"]
[White "Can, Isil"]
[Black "Ayan, Bengu Sena"]
[Result "1/2-1/2"]
[ECO "C01"]
[WhiteElo "1862"]
[BlackElo "1787"]
[Annotator "NA"]
[PlyCount "65"]
[EventDate "2018.07.25"]
[EventType "team-tourn"]
[EventCountry "TUR"]
[SourceTitle "playchess.com"]
[Source "ChessBase"]
[SourceQuality "1"]
[TimeControl "40/5400+30:1800+30"]

1. e4 e6 2. d4 d5 3. exd5 exd5 4. Bd3 c5 5. dxc5 Bxc5 6. Nf3 Nf6 7. O-O O-O 8. h3 Qd6 9. Nc3 a6 10. Bg5 Bxh3 11. gxh3 Qg3+ 12. Kh1 Qxh3+ 13. Nh2 Bd6 14. f4 Nh5 15. Qf3 Ng3+ 16. Kg1 Bc5+ 17. Rf2 Bxf2+ 18. Qxf2 f6 19. Qg2 Qxg2+ 20. Kxg2 fxg5 21. Kxg3 gxf4+ 22. Kf2 d4 23. Ne4 Nc6 24. Nf3 g6 25. Neg5 Rf6 26. Rh1 h5 27. Ne4 Rff8 28. Rg1 Kg7 29. Nc5 Rf6 30. Nd7 Re6 31. Nc5 Rf6 32. Nd7 Re6 33. Nc5 1/2-1/2

[Event "TUR-chT Superleague 2018"]
[Site "Ankara"]
[Date "2018.07.30"]
[Round "7"]
[White "Ozbek, Busra"]
[Black "Ozbay, Ece"]
[Result "1/2-1/2"]
[ECO "D04"]
[WhiteElo "1848"]
[BlackElo "2140"]
[Annotator "NA"]
[PlyCount "84"]
[EventDate "2018.07.25"]
[EventType "team-tourn"]
[EventCountry "TUR"]
[SourceTitle "playchess.com"]
[Source "ChessBase"]
[SourceQuality "1"]
[TimeControl "40/5400+30:1800+30"]

1. d4 d5 2. Nf3 Nf6 3. e3 c5 4. b3 cxd4 5. exd4 Nc6 6. Bb2 Bg4 7. Be2 e6 8. Nbd2 Bd6 9. O-O Qc7 10. h3 Bf5 11. a3 O-O 12. c4 Rad8 13. c5 Bf4 14. b4 e5 15. Nxe5 Nxe5 16. dxe5 Nd7 17. Nf3 Be4 18. Nd4 Nxe5 19. g3 Bxg3 20. fxg3 Nd3 21. Kh2 Nxb2 22. Qb3 Nc4 23. Bxc4 dxc4 24. Qxc4 Qe5 25. Rad1 Rd5 26. Rf2 h6 27. Rdd2 Rfd8 28. Nb3 Kh8 29. Rxd5 Bxd5 30. Qd3 Qe1 31. Rf1 Qe6 32. Rd1 Rd7 33. Nd4 Qe5 34. Qf5 Qe3 35. Rd3 Qe1 36. Nf3 Qe2+ 37. Kg1 Bxf3 38. Rxf3 Qe1+ 39. Kg2 Re7 40. Rf2 Qa1 41. Qd3 Qe5 42. Qc4 f5 1/2-1/2

[Event "TUR-chT Superleague 2018"]
[Site "Ankara"]
[Date "2018.07.30"]
[Round "7"]
[White "Onur, Cigdem"]
[Black "Erece, Ece Alkim"]
[Result "1-0"]
[ECO "B07"]
[WhiteElo "1750"]
[BlackElo "1788"]
[Annotator "NA"]
[PlyCount "45"]
[EventDate "2018.07.25"]
[EventType "team-tourn"]
[EventCountry "TUR"]
[SourceTitle "playchess.com"]
[Source "ChessBase"]
[SourceQuality "1"]
[TimeControl "40/5400+30:1800+30"]

1. d4 Nf6 2. Bf4 g6 3. Nc3 Bg7 4. e4 d6 5. Qd2 O-O 6. f3 Re8 7. O-O-O Na6 8. Bh6 Bh8 9. h4 c6 10. h5 Be6 11. Qg5 Qb6 12. g4 Nb4 13. Kb1 Nd7 14. Nge2 d5 15. Qh4 f6 16. hxg6 hxg6 17. Nf4 Kf7 18. Nxg6 Rg8 19. Nxh8+ Ke8 20. Qh5+ Kd8 21. Nf7+ Kc8 22. Bf4 Rf8 23. Nh6 1-0

[Event "TUR-chT Superleague 2018"]
[Site "Ankara"]
[Date "2018.07.30"]
[Round "7"]
[White "Yorgun, Yaren Naz"]
[Black "Sade, Defne"]
[Result "1-0"]
[ECO "C54"]
[WhiteElo "1737"]
[BlackElo "1954"]
[Annotator "NA"]
[PlyCount "38"]
[EventDate "2018.07.25"]
[EventType "team-tourn"]
[EventCountry "TUR"]
[SourceTitle "playchess.com"]
[Source "ChessBase"]
[SourceQuality "1"]
[TimeControl "40/5400+30:1800+30"]

1. e4 e5 2. Nf3 Nc6 3. Bc4 Bc5 4. c3 Nf6 5. d4 exd4 6. e5 d5 7. Bb5 Ne4 8. cxd4 Bb6 9. Nc3 O-O 10. Be3 Bg4 11. h3 Be6 12. O-O h6 13. Bd3 Nxc3 14. bxc3 f5 15. Qc1 Qe7 16. Nh2 Qf7 17. f4 Ne7 18. Be2 Kh8 19. Kh1 Rac8 1-0

[Event "TUR-chT Superleague 2018"]
[Site "Ankara"]
[Date "2018.07.30"]
[Round "7"]
[White "Incecik, Seyma Zeynep"]
[Black "Keskin, Elif"]
[Result "1-0"]
[ECO "B76"]
[WhiteElo "1673"]
[BlackElo "1719"]
[Annotator "NA"]
[PlyCount "159"]
[EventDate "2018.07.25"]
[EventType "team-tourn"]
[EventCountry "TUR"]
[SourceTitle "playchess.com"]
[Source "ChessBase"]
[SourceQuality "1"]
[TimeControl "40/5400+30:1800+30"]

1. e4 c5 2. Nf3 d6 3. d4 cxd4 4. Nxd4 Nf6 5. Nc3 g6 6. Be3 Bg7 7. f3 O-O 8. Qd2 Nc6 9. Be2 Bd7 10. g4 Rc8 11. h4 h5 12. O-O-O Ne5 13. Bh6 Kh7 14. Bxg7 Kxg7 15. g5 Ne8 16. f4 Nc4 17. Bxc4 Rxc4 18. e5 Bg4 19. Rde1 Qb6 20. Nb3 e6 21. Rhf1 d5 22. Ne2 Kh7 23. Kb1 Ng7 24. Qa5 Qxa5 25. Nxa5 Rc7 26. Nd4 Nf5 27. Nxf5 Bxf5 28. Rf2 Rfc8 29. Rc1 d4 30. Rd2 d3 31. c3 Rd7 32. Nb3 Rcd8 33. Nd4 a6 34. Nxf5 gxf5 35. Rf1 Kg6 36. Kc1 b5 37. Rf3 Kh7 38. Rd1 a5 39. Kd2 b4 40. cxb4 axb4 41. Re1 Ra7 42. Rxd3 Rxd3+ 43. Kxd3 Rxa2 44. Kc2 Ra5 45. Rd1 Rb5 46. Kb3 Rb8 47. Ka4 Kg6 48. b3 Rb7 49. Ka5 Rb8 50. Rf1 Rb7 51. Rd1 Rb8 52. Rd4 Ra8+ 53. Kxb4 Ra1 54. Rd2 Rh1 55. Rf2 Rxh4 56. Kc5 Rh1 57. b4 h4 58. Rb2 h3 59. Kd6 h2 60. Ke7 Rc1 61. Rxh2 Rb1 62. Rh6+ Kg7 63. Rf6 Rxb4 64. Rxf7+ Kg8 65. g6 Rxf4 66. Kxe6 Rg4 67. Kxf5 Rg1 68. Kf6 Rf1+ 69. Ke7 Rg1 70. g7 Ra1 71. e6 Rb1 72. Kd8 Rb8+ 73. Kc7 Rb1 74. Rd7 Rc1+ 75. Kd8 Ra1 76. e7 Ra8+ 77. Kc7 Ra7+ 78. Kd6 Ra6+ 79. Ke5 Ra5+ 80. Rd5 1-0

[Event "TUR-chT Superleague 2018"]
[Site "Ankara"]
[Date "2018.07.30"]
[Round "7"]
[White "Demirel, Ahmet"]
[Black "Yurtseven, Melih"]
[Result "0-1"]
[ECO "C00"]
[WhiteElo "1321"]
[BlackElo "2404"]
[Annotator "NA"]
[PlyCount "108"]
[EventDate "2018.07.25"]
[EventType "team-tourn"]
[EventCountry "TUR"]
[SourceTitle "playchess.com"]
[Source "ChessBase"]
[SourceQuality "1"]
[TimeControl "40/5400+30:1800+30"]

1. Nf3 e6 2. g3 d5 3. Bg2 Nf6 4. O-O Be7 5. d3 c5 6. Nbd2 Nc6 7. c3 b6 8. e4 O-O 9. Qc2 Qc7 10. Re1 dxe4 11. dxe4 Ba6 12. Bf1 Bb7 13. Bg2 Nd7 14. Nc4 b5 15. Ne3 a6 16. a4 Qb6 17. b3 Rac8 18. Nd1 Rfd8 19. Nb2 Bf6 20. Bf4 Nde5 21. Nxe5 Nxe5 22. Bxe5 Bxe5 23. Nd3 Bb8 24. e5 Bxg2 25. Kxg2 c4 26. Nf4 cxb3 27. Qxb3 Qc6+ 28. Kg1 Qxc3 29. Qxc3 Rxc3 30. axb5 axb5 31. Ne2 Rc4 32. f4 Bc7 33. Rec1 Bb6+ 34. Kf1 h5 35. Rab1 Be3 36. Rc3 Bd2 37. Rcb3 b4 38. Ng1 Bc3 39. Ne2 Kh7 40. Nxc3 bxc3 41. Rc1 c2 42. Ke2 Kg6 43. Rd3 Rdc8 44. Kd2 Kf5 45. Ke3 Rc3 46. Rxc3 Rxc3+ 47. Kd2 Rc7 48. h3 h4 49. gxh4 Kxf4 50. Rf1+ Kxe5 51. Kc1 f5 52. h5 f4 53. Re1+ Kf5 54. Rf1 e5 0-1

[Event "TUR-chT Superleague 2018"]
[Site "Ankara"]
[Date "2018.08.01"]
[Round "8"]
[White "Triapishko, Alexandr"]
[Black "Mchedlishvili, Mikheil"]
[Result "1/2-1/2"]
[ECO "B80"]
[WhiteElo "2502"]
[BlackElo "2608"]
[Annotator "ChessBase"]
[PlyCount "61"]
[EventDate "2018.07.25"]
[EventType "team-tourn"]
[EventCountry "TUR"]
[SourceTitle "playchess.com"]
[Source "ChessBase"]
[SourceQuality "1"]
[TimeControl "40/5400+30:1800+30"]

1. e4 c5 2. Nf3 e6 3. d4 cxd4 4. Nxd4 Nc6 5. Nc3 Qc7 6. g3 a6 7. Bg2 Nf6 8. O-O d6 9. Nxc6 bxc6 10. Na4 Rb8 11. c4 c5 12. Qe2 Be7 13. b3 Nd7 14. Bb2 O-O 15. f4 Bb7 16. Rae1 Bc6 17. Bc3 Rfe8 18. Nb2 Qb7 19. Nd3 f5 20. Bf3 fxe4 21. Bxe4 Bxe4 22. Qxe4 Qxe4 23. Rxe4 Bf6 24. Bxf6 Nxf6 25. Re2 Kf7 26. Kg2 g6 27. Ne5+ Kg7 28. Nd3 Kf7 29. Ne5+ Kg7 30. Nd3 Kf7 31. Ne5+ 1/2-1/2

[Event "TUR-chT Superleague 2018"]
[Site "Ankara"]
[Date "2018.08.01"]
[Round "8"]
[White "Asadli, Vugar"]
[Black "Uzumcu, Ahmet Utku"]
[Result "1-0"]
[ECO "A00"]
[WhiteElo "2482"]
[BlackElo "2231"]
[Annotator "ChessBase"]
[PlyCount "111"]
[EventDate "2018.07.25"]
[EventType "team-tourn"]
[EventCountry "TUR"]
[SourceTitle "playchess.com"]
[Source "ChessBase"]
[SourceQuality "1"]
[TimeControl "40/5400+30:1800+30"]

1. g3 Nf6 2. Bg2 d5 3. d3 g6 4. b3 Bg7 5. Bb2 O-O 6. Nf3 c5 7. c4 d4 8. b4 Nc6 9. b5 Nb8 10. O-O Qc7 11. e3 e5 12. exd4 exd4 13. Bc1 Nh5 14. Nbd2 h6 15. Nb3 Be6 16. Re1 Nd7 17. Rxe6 fxe6 18. Nh4 Nhf6 19. Nxg6 Rfe8 20. Qf3 Rab8 21. Bd2 Nf8 22. Nf4 b6 23. Nh5 Nxh5 24. Qxh5 Qf7 25. Qe2 Kh8 26. Bc1 Rbd8 27. Nd2 Nh7 28. a4 Nf6 29. a5 Re7 30. Bc6 Rf8 31. Ne4 Nxe4 32. Bxe4 Qf6 33. Ra2 e5 34. h4 Qf7 35. g4 Rd8 36. g5 Rd6 37. axb6 Rxb6 38. Qg4 Qe6 39. Bf5 Qf7 40. g6 Qf8 41. Be4 Rc7 42. Qh5 Rd6 43. Kg2 Kg8 44. Kg3 Rcd7 45. f3 Rc7 46. f4 exf4+ 47. Bxf4 Rcd7 48. Bd5+ Kh8 49. Re2 Rf6 50. Bxh6 Bxh6 51. Re8 Rf3+ 52. Bxf3 Qxe8 53. Qxh6+ Kg8 54. Bd5+ Rxd5 55. Qh7+ Kf8 56. g7+ 1-0

[Event "TUR-chT Superleague 2018"]
[Site "Ankara"]
[Date "2018.08.01"]
[Round "8"]
[White "Yilmazyerli, Mert"]
[Black "Erdogan, Anil Berk"]
[Result "1/2-1/2"]
[ECO "A43"]
[WhiteElo "2458"]
[BlackElo "2055"]
[Annotator "ChessBase"]
[PlyCount "121"]
[EventDate "2018.07.25"]
[EventType "team-tourn"]
[EventCountry "TUR"]
[SourceTitle "playchess.com"]
[Source "ChessBase"]
[SourceQuality "1"]
[TimeControl "40/5400+30:1800+30"]

1. d4 Nf6 2. Nf3 c5 3. d5 e6 4. Nc3 exd5 5. Nxd5 Nxd5 6. Qxd5 Be7 7. e4 O-O 8. Bc4 d6 9. O-O Nd7 10. Bb3 Qc7 11. c3 Ne5 12. Nxe5 dxe5 13. Qd3 Rd8 14. Qe2 Qb6 15. Bd5 Be6 16. c4 Bxd5 17. cxd5 Rac8 18. Qc4 Qb4 19. b3 b5 20. Qxb4 cxb4 21. Bb2 Bd6 22. Rfc1 Kf8 23. Rxc8 Rxc8 24. Rc1 Rxc1+ 25. Bxc1 f6 26. Be3 a6 27. g3 Kf7 28. Kg2 g5 29. h3 Kg6 30. f4 gxf4 31. gxf4 exf4 32. Bd2 f5 33. e5 Bxe5 34. Bxb4 Kf6 35. Kf3 Bb2 36. Bd6 Be5 37. Bf8 Kg6 38. Be7 h6 39. Bf8 h5 40. Be7 Kf7 41. Bg5 Bd6 42. Bxf4 Ke7 43. Bxd6+ Kxd6 44. Kf4 Kxd5 45. Kxf5 a5 46. Kg5 a4 47. Kxh5 Kc5 48. h4 Kb4 49. Kg4 Ka3 50. h5 Kxa2 51. bxa4 bxa4 52. h6 a3 53. h7 Kb1 54. h8=Q a2 55. Qb8+ Kc1 56. Qe5 Kb1 57. Qe1+ Kb2 58. Qb4+ Kc1 59. Qc3+ Kb1 60. Qb3+ Ka1 61. Kf3 1/2-1/2

[Event "TUR-chT Superleague 2018"]
[Site "Ankara"]
[Date "2018.08.01"]
[Round "8"]
[White "Szczepkowska, Karina"]
[Black "Unuk, Laura"]
[Result "1/2-1/2"]
[ECO "D38"]
[WhiteElo "2404"]
[BlackElo "2340"]
[Annotator "NA"]
[PlyCount "196"]
[EventDate "2018.07.25"]
[EventType "team-tourn"]
[EventCountry "TUR"]
[SourceTitle "playchess.com"]
[Source "ChessBase"]
[SourceQuality "1"]
[TimeControl "40/5400+30:1800+30"]

1. d4 Nf6 2. c4 e6 3. Nf3 d5 4. Nc3 Bb4 5. Qa4+ Nc6 6. e3 O-O 7. Bd2 dxc4 8. Bxc4 a6 9. O-O Bd6 10. Qc2 e5 11. d5 Nb4 12. Qb1 c6 13. dxc6 Nxc6 14. h3 b5 15. Be2 Qe7 16. Ng5 g6 17. Bf3 Bf5 18. Nge4 Rac8 19. a3 Bb8 20. Rd1 Kg7 21. Qd3 Rfd8 22. Qe2 Ne8 23. b4 Be6 24. Nc5 Bc4 25. Qe1 a5 26. Bxc6 Rxc6 27. e4 axb4 28. axb4 f5 29. Bc1 Rxd1 30. Qxd1 Rd6 31. Qe1 f4 32. Nd5 Bxd5 33. exd5 Rxd5 34. Bxf4 Nf6 35. Bg5 Qd6 36. Bxf6+ Qxf6 37. Qe4 Qd6 38. Ra6 Rd1+ 39. Kh2 Qe7 40. Rb6 Bc7 41. Rb7 Rd6 42. Ra7 Kg8 43. Qb7 Qf7 44. Ne4 Rd7 45. Qxb5 Rd4 46. Qc6 Rc4 47. Qb7 Rc2 48. Qd5 Qxd5 49. Nf6+ Kf8 50. Nxd5 Bd8 51. Kg3 h5 52. Kf3 Ke8 53. Rg7 Rd2 54. Ne3 g5 55. b5 Rb2 56. Rb7 e4+ 57. Kxe4 Rxf2 58. Rh7 Rb2 59. Rb7 Be7 60. b6 Bc5 61. Rb8+ Kd7 62. Nc4 Rxg2 63. b7 Kc7 64. Rc8+ Kxb7 65. Rxc5 Rg3 66. Ne3 h4 67. Rb5+ Kc6 68. Rf5 Rxh3 69. Rxg5 Rh1 70. Rg6+ Kc5 71. Rh6 h3 72. Ng4 h2 73. Nxh2 Kb5 74. Rh5+ Kc6 75. Kf3 Kd6 76. Kg2 Rd1 77. Nf3 Rd5 78. Rh6+ Kc5 79. Kf2 Rd6 80. Rh8 Re6 81. Nd2 Kd4 82. Rd8+ Ke5 83. Kf3 Rc6 84. Ke3 Rc3+ 85. Ke2 Kf4 86. Rf8+ Ke5 87. Nf3+ Ke4 88. Re8+ Kf4 89. Nd4 Ra3 90. Kd2 Rh3 91. Ne2+ Kf5 92. Nd4+ Kf4 93. Ne6+ Kf5 94. Ke2 Ra3 95. Nd4+ Kf4 96. Kf2 Rd3 97. Ne2+ Kf5 98. Rf8+ Ke5 1/2-1/2

[Event "TUR-chT Superleague 2018"]
[Site "Ankara"]
[Date "2018.08.01"]
[Round "8"]
[White "Yurtseven, Melih"]
[Black "Sanal, Vahap"]
[Result "1/2-1/2"]
[ECO "E17"]
[WhiteElo "2404"]
[BlackElo "2518"]
[Annotator "ChessBase"]
[PlyCount "120"]
[EventDate "2018.07.25"]
[EventType "team-tourn"]
[EventCountry "TUR"]
[SourceTitle "playchess.com"]
[Source "ChessBase"]
[SourceQuality "1"]
[TimeControl "40/5400+30:1800+30"]

1. d4 Nf6 2. Nf3 e6 3. g3 b6 4. Bg2 Bb7 5. c4 Be7 6. O-O O-O 7. d5 exd5 8. Nh4 c6 9. cxd5 Nxd5 10. Nf5 Nc7 11. e4 d5 12. Nc3 Bf6 13. exd5 Nxd5 14. Nxd5 cxd5 15. Ne3 Nd7 16. Nxd5 Bxd5 17. Qxd5 Rc8 18. Bh3 Nc5 19. Qf3 Ne6 20. Bxe6 fxe6 21. Qe2 Qd5 22. Be3 Qc4 23. Rfe1 Rfd8 24. Qxc4 Rxc4 25. Re2 Kf7 26. Rae1 h5 27. h4 Rd5 28. Kg2 Rc6 29. Rc1 Rxc1 30. Bxc1 b5 31. Be3 a5 32. b3 Bc3 33. Kf3 Ke7 34. Rc2 b4 35. Bc1 Kd6 36. Bb2 Bxb2 37. Rxb2 Rd1 38. Kf4 Rd5 39. Rc2 g6 40. Ke4 Re5+ 41. Kf4 Rd5 42. Ke4 g5 43. hxg5 Rxg5 44. Rd2+ Ke7 45. Rc2 Kd6 46. Rd2+ Ke7 47. Rc2 Kf6 48. Kf4 Re5 49. g4 h4 50. f3 Re1 51. g5+ Kg6 52. Rc5 Kh5 53. Rc8 Re2 54. Rh8+ Kg6 55. Rh6+ Kf7 56. Rxh4 Rxa2 57. Rh7+ Kg6 58. Rh6+ Kf7 59. Rh7+ Kg6 60. Rh6+ Kf7 1/2-1/2

[Event "TUR-chT Superleague 2018"]
[Site "Ankara"]
[Date "2018.08.01"]
[Round "8"]
[White "Soysal, Serkan"]
[Black "Gok, Fatih"]
[Result "1-0"]
[ECO "A30"]
[WhiteElo "2402"]
[BlackElo "1952"]
[Annotator "NA"]
[PlyCount "83"]
[EventDate "2018.07.25"]
[EventType "team-tourn"]
[EventCountry "TUR"]
[SourceTitle "playchess.com"]
[Source "ChessBase"]
[SourceQuality "1"]
[TimeControl "40/5400+30:1800+30"]

1. Nf3 Nf6 2. c4 e6 3. g3 b6 4. Bg2 Bb7 5. O-O c5 6. d4 cxd4 7. Qxd4 Be7 8. Nc3 O-O 9. Rd1 a6 10. Bf4 Nc6 11. Qd2 Na5 12. b3 d5 13. Qb2 Qe8 14. Be3 Bd8 15. cxd5 Nxd5 16. Nxd5 Bxd5 17. Bd4 f6 18. Rac1 Bb7 19. Bc3 e5 20. b4 Nc6 21. Nd2 b5 22. Ne4 Be7 23. Qb3+ Kh8 24. Nd6 Bxd6 25. Rxd6 Nd4 26. Bxd4 Bxg2 27. Kxg2 exd4 28. Qd3 Rd8 29. Qxd4 Qe7 30. Rd1 Rc8 31. Qd3 h6 32. a3 Rfe8 33. Rd2 Qc7 34. Qf3 a5 35. Rd7 Qc1 36. bxa5 Ra8 37. Qb7 Rg8 38. Rxg7 Qb1 39. Rd3 Rxg7 40. Qxa8+ Rg8 41. Qf3 Qb2 42. a6 1-0

[Event "TUR-chT Superleague 2018"]
[Site "Ankara"]
[Date "2018.08.01"]
[Round "8"]
[White "Kerigan, Demre"]
[Black "Demircioglu, Emre"]
[Result "0-1"]
[ECO "C42"]
[WhiteElo "2366"]
[BlackElo "2244"]
[Annotator "NA"]
[PlyCount "76"]
[EventDate "2018.07.25"]
[EventType "team-tourn"]
[EventCountry "TUR"]
[SourceTitle "playchess.com"]
[Source "ChessBase"]
[SourceQuality "1"]
[TimeControl "40/5400+30:1800+30"]

1. e4 e5 2. Nf3 Nf6 3. Nxe5 d6 4. Nc4 Nxe4 5. d4 Be7 6. Bd3 Nf6 7. O-O O-O 8. Ne3 g6 9. Nc3 d5 10. Qf3 c6 11. Ne2 Na6 12. c3 Nc7 13. Ng3 Re8 14. Qd1 Bf8 15. f4 c5 16. f5 cxd4 17. cxd4 Bg7 18. Qf3 Bd7 19. a4 b5 20. a5 b4 21. Nc2 b3 22. Nb4 Rb8 23. Bd2 Nb5 24. fxg6 fxg6 25. Nxd5 Nxd5 26. Qf7+ Kh8 27. Qxd5 Be6 28. Qxd8 Rexd8 29. Ne2 Nxd4 30. Nf4 Bf5 31. Bxf5 Nxf5 32. Bc1 Nd4 33. g3 Rbc8 34. Kg2 Rc2+ 35. Rf2 a6 36. Be3 Nf5 37. Re1 Nxe3+ 38. Rxe3 Rxf2+ 0-1